Map: Mech Depot LE

Players

Wang - Winner!

  • Race: Terran Terran
  • League: Gold
  • Spawn Location: 7:00

Chazzwozzles

  • Race: Protoss Protoss
  • League: Gold
  • Spawn Location: 1:00

VOD

Have the link to the VOD?

Description

1 medivac drops 2 mines in main and natural. Follow up with double liberator to throw off enemy toss even more as well as hurt their economy. Follow up after this is bio. Add CC+double ebay asap. Add rax as needed.

Time

  • Played on: Sept. 22, 2017, 6:56 p.m.
  • Length: 11:10
Show
View Real Time Build Order
Export as new Build Order

Wang Terran - Winner!

Build Orders: Reaper Expand 

Get SALT Encoding   

  12  0:00  SCV  
  13  0:13  SCV  
  14  0:17  Supply Depot  
  14  0:25  SCV  
  15  0:28  Refinery  
  15  0:39  SCV  
  16  0:45  Barracks  
  16  0:52  SCV  
  17  1:04  SCV  
  18  1:16  SCV  
  19  1:33  Reaper, Orbital Command  
  20  1:53  Command Center  
  20  2:01  SCV  
  20  2:06  Barracks Reactor  
  21  2:09  Supply Depot  
  21  2:14  SCV  
  22  2:19  Factory  
  22  2:26  SCV  
  22  2:29  Refinery  
  23  2:38  SCV  
  23  2:42  Marine x2  
  26  2:50  SCV  
  27  2:59  Marine x2  
  27  3:02  SCV  
  27  3:03  Factory Reactor  
  27  3:04  Starport  
  30  3:08  Orbital Command  
  30  3:18  SCV, Marine  
  30  3:19  Marine  
  33  3:31  SCV  
  34  3:35  SCV  
  34  3:37  Marine x2  
  34  3:40  Widow Mine x2  
  39  3:41  Medivac  
  39  3:44  SCV  
  44  3:55  SCV, Marine  
  46  4:03  Supply Depot  
  46  4:07  Liberator  
  46  4:09  Marine  
  46  4:10  SCV x2  
  46  4:13  Liberator  
  49  4:20  Factory Tech Lab, Marine  
  50  4:26  Supply Depot  
  56  4:32  SCV x2  
  58  4:42  Marine x2  
  58  4:45  SCV x2  
  62  4:49  Supply Depot  
  62  4:57  Engineering Bay  
  62  4:58  SCV, Engineering Bay  
  63  5:01  SCV, Command Center  
  63  5:04  Marine x2  
  66  5:23  SCV x2, Marine x2  
  66  5:24  Siege Tank  
  73  5:43  SCV x2, Marine x2  
  73  5:45  Medivac  
  77  5:50  Medivac  
  77  5:53  Supply Depot  
  77  5:57  Refinery  
  77  6:00  SCV, Supply Depot, Refinery  
  77  6:01  Supply Depot  
  77  6:02  Terran Infantry Weapons Level 1  
  77  6:03  Supply Depot  
  78  6:04  SCV  
  78  6:10  Marine x2  
  78  6:12  Barracks  
  78  6:13  Barracks  
  78  6:18  Orbital Command  
  78  6:24  SCV x2  
  80  6:37  Marine x2  
  82  6:40  Siege Tank  
  82  6:45  SCV x2  
  84  6:47  Supply Depot  
  84  6:58  SCV x2  
  84  6:59  Marine x2  
  84  7:00  Medivac  
  90  7:06  Orbital Command  
  90  7:11  SCV x2  
  90  7:12  Siege Tank  
  90  7:14  Supply Depot, Barracks Tech Lab  
  90  7:15  Barracks Tech Lab  
  93  7:16  Marine x2  
  95  7:23  SCV  
  95  7:24  SCV  
  95  7:26  Medivac  
  99  7:35  Barracks  
  99  7:36  Supply Depot  
  99  7:37  Barracks, Terran Infantry Armor Level 1  
  99  7:40  Armory  
  99  7:42  Combat Shields, Stimpack  
  99  7:44  Marine  
  99  7:45  Marine  
  99  7:50  SCV x2  
  99  7:51  SCV  
  104  8:00  Supply Depot  
  104  8:02  SCV, Marine x2  
  104  8:04  Marauder x2  
  104  8:05  Siege Tank  
  114  8:06  Medivac x2  
  117  8:28  Marine x2  
  117  8:29  Marine  
  117  8:30  Barracks Reactor  
  117  8:33  Barracks Reactor  
  117  8:34  Barracks Reactor  
  120  8:37  Barracks  
  120  8:38  Terran Infantry Weapons Level 2  
  120  8:39  Barracks  
  122  8:41  Marauder  
  122  8:44  Medivac  
  124  8:53  SCV x3  
  124  8:54  Marine x2, Command Center  
  124  8:55  Marauder  
  128  9:06  SCV x3, Refinery  
  128  9:07  Siege Tank, Refinery  
  128  9:08  Medivac  
  129  9:18  SCV  
  129  9:19  SCV x2  
  129  9:20  Marine x3  
  129  9:21  Marine  
  129  9:22  Marauder x2  
  140  9:27  Barracks Reactor  
  140  9:29  Barracks Tech Lab  
  140  9:30  Factory  
  140  9:31  Command Center  
  140  9:34  Supply Depot x2  
  140  9:45  SCV  
  140  9:46  SCV x2, Marine x2  
  140  9:47  Starport, Marine x5  
  140  9:48  Marauder x2  
  140  9:51  Concussive Shells  
  154  10:01  Siege Tank  
  154  10:03  Liberator  
  154  10:04  Marine x2  
  154  10:06  Liberator  
  159  10:17  Marine x4  
  159  10:18  Marine x2  
  159  10:19  Marauder x3  
  179  10:37  Siege Tank, Marine x4  
  179  10:38  Marine x4  
Show
View Real Time Build Order
Export as new Build Order

Chazzwozzles Protoss 

Build Orders: 1 Gate Expand 

Get SALT Encoding   

  12  0:01  Probe (Chrono Boost)  
  13  0:13  Probe (Chrono Boost)  
  14  0:19  Pylon  
  14  0:23  Probe (Chrono Boost)  
  15  0:37  Probe (Chrono Boost)  
  15  0:38  Gateway  
  16  0:44  Assimilator  
  16  0:48  Probe (Chrono Boost)  
  17  0:58  Probe (Chrono Boost)  
  18  1:09  Probe (Chrono Boost)  
  19  1:23  Nexus  
  19  1:34  Cybernetics Core  
  19  1:37  Probe (Chrono Boost)  
  20  1:46  Pylon  
  20  1:47  Probe (Chrono Boost)  
  21  1:55  Zealot (Chrono Boost)  
  23  2:04  Probe (Chrono Boost)  
  24  2:12  Warp Gate (Chrono Boost)  
  24  2:15  Probe  
  25  2:27  Mothership Core  
  27  2:34  Probe  
  28  2:44  Probe  
  28  2:46  Assimilator  
  28  2:48  Probe, Adept  
  32  2:55  Probe  
  33  3:00  Probe  
  33  3:03  Pylon  
  33  3:05  Probe  
  34  3:12  Probe  
  36  3:15  Zealot  
  36  3:16  Probe  
  39  3:23  Pylon  
  39  3:24  Probe  
  39  3:27  Probe  
  40  3:32  Gateway  
  41  3:36  Gateway  
  41  3:39  Gateway  
  41  3:48  Robotics Facility  
  41  3:50  Probe  
  41  3:52  Probe  
  43  4:01  Probe  
  43  4:04  Probe  
  43  4:05  Pylon  
  43  4:08  Twilight Council  
  45  4:12  Probe  
  45  4:13  Forge  
  45  4:16  Probe  
  47  4:22  Probe  
  47  4:24  Assimilator  
  48  4:26  Assimilator  
  48  4:28  Probe  
  48  4:29  Pylon  
  49  4:32  Pylon  
  49  4:33  Probe  
  50  4:39  Stalker  
  50  4:40  Stalker, Probe  
  50  4:41  Stalker  
  57  4:56  Stalker, Immortal  
  57  4:59  Blink (Chrono Boost)  
  59  5:06  Protoss Ground Weapons Level 1  
  63  5:10  Photon Cannon  
  57  5:21  Photon Cannon  
  57  5:28  Probe x2  
  58  5:33  Observer  
  58  5:40  Probe  
  60  5:46  Probe  
  57  5:52  Probe  
  57  5:53  Immortal  
  58  5:59  Probe  
  63  6:04  Probe  
  63  6:06  Stalker x3  
  63  6:07  Stalker  
  63  6:11  Probe  
  73  6:16  Probe  
  61  6:47  Probe x2  
  61  6:49  Immortal  
  63  6:54  Charge (Chrono Boost)  
  63  6:59  Probe x2  
  63  7:00  Protoss Ground Armor Level 1  
  69  7:11  Probe x2  
  71  7:20  Stalker x3  
  71  7:21  Stalker  
  79  7:37  Probe x2  
  79  7:38  Warp Prism  
  83  7:53  Stalker  
  85  8:04  Pylon  
  85  8:10  Pylon  
  85  8:14  Pylon  
  85  8:24  Nexus  
  85  8:26  Assimilator  
  85  8:27  Pylon  
  85  8:30  Pylon  
  85  8:32  Assimilator, Gateway  
  85  8:33  Gateway  
  85  8:34  Gateway  
  85  8:36  Probe x2  
  85  8:38  Gateway  
  87  8:48  Probe x2  
  59  9:18  Stalker x3  
  59  9:19  Stalker  
  67  9:27  Immortal  
  71  9:40  Zealot x4  
  79  9:53  Dark Shrine  
  79  9:58  Zealot x2  
  79  9:59  Zealot x2  
  87  10:00  Zealot  
  87  10:01  Zealot x3  
  95  10:15  Immortal, Probe  
  95  10:16  Probe  
  95  10:17  Probe  
  102  10:26  Sentry x5, Probe  
  113  10:28  Probe  
  113  10:29  Probe  
  113  10:32  Zealot x3  
  121  10:48  Stargate  
  121  10:49  Stargate  
Tags
 
Add a new tag
Caveats
  • Supply blocks, unpowered buildings, or Contaminate may cause inaccurate times.
  • Supply counts are checked every 10 seconds.